 Dungeon Crawl Stone Soup version 0.24-a0-584-g9d6b971ae4 (webtiles) character file.

Game seed: 2696563240873498257, levelgen mode: deterministic

311 Mithandil the Agent of Entropy (level 6, -1/47 HPs)
             Began as a Demonspawn Abyssal Knight on Sept 3, 2019.
             Was a Priest of Lugonu.
             Slain by a hippogriff (3 damage)
             ... on level 3 of the Dungeon.
             The game lasted 00:17:05 (2735 turns).

Mithandil the Agent of Entropy (DsAK)               Turns: 2735, Time: 00:17:06

Health: -1/47      AC: 11    Str: 14    XL:     6   Next: 18%
Magic:  8/8        EV:  4    Int: 14    God:    Lugonu [***...]
Gold:   155        SH:  0    Dex: 14    Spells: 5/5 levels left

rFire    . . .     SeeInvis .   a - +1 long sword
rCold    + . .     Gourm    .   (no shield)
rNeg     . . .     Faith    .   o - +0 plate armour
rPois    .         Spirit   .   (helmet restricted)
rElec    .         Reflect  .   (no cloak)
rCorr    .         Harm     .   (no gloves)
MR       .....                  (no boots)
Stlth    ..........             (no amulet)
HPRegen  0.15/turn              (no ring)
MPRegen  0.11/turn              (no ring)

@: very slow
A: antennae 2, thin skeletal structure 1, cold resistance 1
a: Depart the Abyss, Bend Space, Banish, Renounce Religion


You were on level 3 of the Dungeon.
You worshipped Lugonu.
Lugonu was most pleased with you.
You were hungry.

You visited 1 branch of the dungeon, and saw 3 of its levels.
You visited the Abyss 1 time.
You also visited: Sewer.

You collected 155 gold pieces.

Inventory:

Hand Weapons
 a - a +1 long sword (weapon)
 b - a +0 hunting sling
 j - a +0 spear
 m - a +1 falchion
Missiles
 e - 118 stones (quivered)
 h - 19 bolts
 k - 34 sling bullets
 r - 14 poisoned darts
Armour
 l - a +0 ring mail of poison resistance
 o - a +0 plate armour (worn)
Scrolls
 g - 2 scrolls of amnesia
 i - 2 scrolls of fear
 p - a scroll of teleportation
Potions
 d - 2 potions of curing
 f - a potion of flight
Comestibles
 c - 5 rations


   Skills:
 + Level 3.6 Fighting
 * Level 3.4 Long Blades
 + Level 2.6 Armour
 + Level 2.1 Dodging
 + Level 1.7 Stealth
 + Level 1.6 Unarmed Combat
 + Level 3.6 Invocations


You had 5 spell levels left.
You didn't know any spells.
Your spell library was empty.

Dungeon Overview and Level Annotations

Branches:
Dungeon (3/15)              Sewer (visited)

Altars:


Innate Abilities, Weirdness & Mutations

You have a pair of antennae on your head.
You have a somewhat thin skeletal structure. (Dex +2, Stealth)
Your flesh is cold resistant. (rC+)


Message History

The hippogriff is heavily wounded.
The hippogriff closely misses you. The hippogriff pecks you.
* * * LOW HITPOINT WARNING * * *
The hippogriff barely misses you. The goblin hits you but does no damage.
The hippogriff bites you.
* * * LOW HITPOINT WARNING * * *
The hippogriff pecks you but does no damage.
The hippogriff claws you.
* * * LOW HITPOINT WARNING * * *
Your unstable footing causes you to fumble your attack.
The goblin hits you but does no damage. The hippogriff bites you.
* * * LOW HITPOINT WARNING * * *
The hippogriff pecks you but does no damage.
The hippogriff claws you.
* * * LOW HITPOINT WARNING * * *
Your unstable footing causes you to fumble your attack.
The goblin hits you but does no damage.
The hippogriff bites you but does no damage.
The hippogriff barely misses you. The hippogriff claws you.
You die...

## ############# .###
#............
...#######<###.######
.#....≈..≈))≈≈...g≈##
.##....≈≈..≈.≈.≈@≈..#
.##.....≈≈≈≈≈≈≈≈≈H........#
.......≈≈≈≈≈≈≈≈≈≈...#####.#
>.##..≈≈≈≈≈≈≈≈≈≈≈...#####.#
#.....≈.≈≈≈.♣♣≈≈≈.≈.....#.#
..##..≈.≈≈≈♣_≈≈≈≈..####.#.#
.###..≈.≈≈≈≈.♣≈≈≈.≈# #.#.# .#
#...≈≈≈≈≈≈≈≈≈≈..# #.#.#######
.#
#...≈≈≈≈≈≈≈≈≈≈..####..........


You could see a hippogriff and a goblin.

Vanquished Creatures
  A big kobold (Sewer)
  A crimson imp (D:3)
  2 hounds
  4 adders
  2 river rats (Sewer)
  2 worms
  A dart slug (D:2)
  4 leopard geckos (D:3)
  An orc (D:2)
  14 giant cockroaches
  6 goblins
  9 hobgoblins
  9 jackals
  A quokka (D:2)
  4 ball pythons
  6 bats
  4 frilled lizards
  7 kobolds
  9 rats
87 creatures vanquished.

Notes
Turn   | Place    | Note
-------+----------+-------------------------------------------
     0 | Abyss:1  | Mithandil the Demonspawn Abyssal Knight began the quest for
                  | the Orb.
     0 | Abyss:1  | Reached XP level 1. HP: 18/18 MP: 2/2
    15 | Abyss:1  | Found a transporter.
    16 | Abyss:1  | Noticed a thrashing horror
    16 | Abyss:1  | Noticed an iron imp
    16 | Abyss:1  | Noticed a starcursed mass
    16 | Abyss:1  | Noticed a shadow
    16 | Abyss:1  | Noticed a bone dragon
    16 | Abyss:1  | Noticed a chaos spawn
    17 | Abyss:1  | Noticed a water nymph
    17 | Abyss:1  | Noticed a starcursed mass
    18 | Abyss:1  | Noticed a tentacled monstrosity
    18 | Abyss:1  | Noticed an elephant
    18 | Abyss:1  | a water nymph changed into an elephant
    18 | Abyss:1  | Noticed a thrashing horror
    19 | Abyss:1  | Found a corrupted altar of Lugonu.
    19 | Abyss:1  | Found a transporter.
    19 | Abyss:1  | Noticed a small abomination
    19 | Abyss:1  | Noticed an ancient zyme
    19 | Abyss:1  | Noticed a worldbinder
    20 | Abyss:1  | Noticed an eye of devastation
    20 | Abyss:1  | Noticed a tentacled starspawn
    21 | Abyss:1  | Noticed a snapping turtle
    21 | Abyss:1  | an eye of devastation changed into a snapping turtle
    67 | D:1      | Escaped the Abyss
   128 | D:1      | Reached * piety under Lugonu
   155 | D:1      | Reached skill level 1 in Dodging
   178 | D:1      | Gained mutation: You have a pair of small antennae on your
                  | head. [demonic ancestry]
   178 | D:1      | Reached XP level 2. HP: 24/24 MP: 3/3
   443 | D:2      | Reached XP level 3. HP: 29/29 MP: 3/5
   862 | D:3      | Found a faded altar of an unknown god.
   864 | D:3      | Reached ** piety under Lugonu
   926 | D:3      | Reached skill level 1 in Unarmed Combat
   985 | D:3      | Gained mutation: You have a somewhat thin skeletal
                  | structure. (Dex +2, Stealth) [demonic ancestry]
   985 | D:3      | Reached XP level 4. HP: 16/35 MP: 6/6
  1070 | D:3      | Reached skill level 1 in Stealth
  1106 | D:3      | Gained mutation: You have a pair of antennae on your head.
                  | [demonic ancestry]
  1106 | D:3      | Reached XP level 5. HP: 25/41 MP: 7/7
  1407 | D:3      | Found a glowing drain.
  1422 | Sewer    | Entered a sewer
  1731 | Sewer    | Found a white marble altar of Elyvilon.
  1920 | D:3      | Noticed a hippogriff
  2109 | D:2      | Gained mutation: Your flesh is cold resistant. (rC+)
                  | [demonic ancestry]
  2109 | D:2      | Reached XP level 6. HP: 25/47 MP: 8/8
  2297 | D:2      | Reached *** piety under Lugonu
  2734 | D:3      | HP: 1/47 [hippogriff (4)]
  2735 | D:3      | Slain by a hippogriff

Levels and vault maps discovered:
D:1:      minmay_arrival_checkered_box, layout_rooms
D:2:      layout_loops_corners, first_ration, chequers_serial_rivers_micro_b
D:3:      layout_loops_ring, marbit_many_paths,
          chequers_ecumenical_altar_island, gup_sewer_entry_pipe,
          minmay_misc_feat_diagonals

Skill      XL: |  1  2  3  4  5 |
---------------+----------------+-----
Long Blades    | 2 3 |  3.4
Dodging        | 1 2 |  2.1
Armour         | 2 |  2.6
Unarmed Combat | 1 |  1.6
Invocations    | 3 |  3.6
Stealth        | 1 |  1.7
Fighting       | |  3.6

Action                   |  1- 3 |  4- 6 || total
-------------------------+-------+-------++-------
Melee: Falchion          |   151 |    74 ||   225
       Punch             |     2 |     1 ||     3
       Long sword        |       |    87 ||    87
Invok: Depart the Abyss  |     1 |       ||     1
  Use: Potion            |     4 |     2 ||     6
       Scroll            |     3 |     3 ||     6
 Stab: Sleeping          |       |     1 ||     1
  Eat: Chunk             |       |     6 ||     6
Armor: Ring mail         |    89 |    58 ||   147
       Leather armour    |     3 |       ||     3
       Plate armour      |       |    29 ||    29
Dodge: Dodged            |   129 |   104 ||   233
       Rpst.: Falchion   |    37 |    23 ||    60
       Long sword        |       |     8 ||     8

Table legend:
 A = Non-vault XP
 B = Vault XP
 C = Vault XP percentage of total XP
 D = Non-vault monster count
 E = Vault monster count
 F = Vault count percentage of total count
                 A         B        C        D         E       F
            +---------+---------+-------+---------+---------+-------
      Total |     304 |     141 |  31.7 |      72 |      15 |  17.2
            +---------+---------+-------+---------+---------+-------
        D:1 |      17 |       0 |   0.0 |      13 |       0 |   0.0
        D:2 |     126 |       0 |   0.0 |      32 |       0 |   0.0
        D:3 |     161 |      17 |   9.6 |      27 |       7 |  20.6
      Sewer |       0 |     124 | 100.0 |       0 |       8 | 100.0
            +---------+---------+-------+---------+---------+-------
